 Dungeon Crawl Stone Soup version 0.28-a0-595-g9f6c0e134a (webtiles) character file.

Game seed: 15588265004300142399

27 porpoise the Conjurer (level 2, -2/15 HPs)
             Began as a Deep Elf Conjurer on Oct 5, 2021.
             Slain by Terence (15 damage)
             ... on level 2 of the Dungeon.
             The game lasted 00:02:59 (1496 turns).

porpoise the Conjurer (Deep Elf Conjurer)           Turns: 1496, Time: 00:03:00

Health: -2/15      AC:  2    Str:  4    XL:     2   Next: 93%
Magic:  1/9        EV: 12    Int: 22    God:
Gold:   53         SH:  0    Dex: 13    Spells: 6/9 levels left

rFire   . . .      SeeInvis .   a - +0 dagger
rCold   . . .      Faith    .   (no shield)
rNeg    . . .      Spirit   .   c - +0 robe
rPois   .          Reflect  .   (no helmet)
rElec   .          Harm     .   (no cloak)
rCorr   .          Rampage  .   (no gloves)
Will    .....                   (no boots)
Stlth   ++........              (no amulet)
HPRegen 0.05/turn               (no ring)
MPRegen 0.11/turn               (no ring)

@: no status effects
A: no striking features
a: no special abilities


You were on level 2 of the Dungeon.
You visited 1 branch of the dungeon, and saw 2 of its levels.

You collected 53 gold pieces.

Inventory:

Hand Weapons
 a - a +0 dagger (weapon)
Missiles
 e - 27 stones
Armour
 c - a +0 robe (worn)
Scrolls
 h - a scroll of amnesia {unknown}
 j - a scroll of teleportation {unknown}
Potions
 b - a potion of lignification {unknown}
 d - a potion of berserk rage {unknown}
 f - a potion of attraction {unknown}
 g - a potion of invisibility {unknown}
 i - a potion of mutation {unknown}
 k - a potion of curing {unknown}


   Skills:
 - Level 2.4 Dodging
 - Level 2.4 Stealth
 + Level 4.0 Spellcasting
 + Level 4.9 Conjurations


You had 6 spell levels left.
You knew the following spells:

 Your Spells              Type           Power      Damage    Failure   Level
a - Magic Dart            Conj           100%       1d8       1%          1
b - Searing Ray           Conj           52%        2d6       2%          2

Your spell library contained the following spells:

 Spells                   Type           Power      Damage    Failure   Level
 Beastly Appendage        Tmut           8%         N/A       11%         1
 Dazzling Flash           Conj/Hex       30%        N/A       12%         3
 Wereblood                Tmut           4%         N/A       17%         2
 Spider Form              Tmut/Pois      2%         N/A       32%         3
 Fulminant Prism          Conj/Hex       7%         3d7       36%         4
 Iskenderun's Mystic Bla  Conj/Tloc      15%        2d5       36%         4


Dungeon Overview and Level Annotations

Branches:
Dungeon (2/15)

Altars:

Shops:
D:2 ?!

Annotations:
D:2 Terence


Message History

Found a stone staircase leading down.
Found Peecwim's Magic Scroll Emporium.
k - an orange potion
Found an escape hatch in the ceiling.
There is an entrance to Peecwim's Magic Scroll Emporium here.
Unknown command.
There is a fountain of clear blue water here.
Found a stone staircase leading up.
A hobgoblin and Terence come into view.
Terence is wielding a +1 falchion of electrocution.
Casting: Magic Dart (safe; 1% risk of failure)
Confirm with . or Enter, or press ? or * to list all spells.
Aiming: Searing Ray (safe; 2% risk of failure)
Press: ? - help, Shift-Dir - straight line, f - hobgoblin
Aim: a hobgoblin (asleep, 100% to hit)
The searing ray hits the hobgoblin!
You kill the hobgoblin! (Press . to maintain the ray.) Terence shouts!
The searing ray hits Terence but does no damage.
The searing ray hits Terence.
Terence is moderately wounded.
The searing ray hits Terence.
Terence is heavily wounded.
You finish channelling your searing ray.
A giant cockroach comes into view.
Casting: Searing Ray (safe; 2% risk of failure)
Confirm with . or Enter, or press ? or * to list all spells.
Aiming: Searing Ray (safe; 2% risk of failure)
Press: ? - help, Shift-Dir - straight line, f - Terence
Aim: Terence, wielding a +1 falchion of electrocution and wearing a +3 scale mail (heavily wounded, 82% to hit)
The searing ray hits Terence.
Terence is heavily wounded. (Press . to maintain the ray.)
The searing ray hits Terence.
Terence is severely wounded.
Terence hits you with a +1 falchion of electrocution.
You are electrocuted!
Ouch! That really hurt!
You die...

.........##.# #.#
###........#. #B#
#>......### #.#
#........#. #.#
##.....##). #.#
##....##.. #.#
##⌠.⌠##.. #@#
#.∩.##..
##@#########⌠.⌠##..
#.............###.†
#...<...####..# #..
#.#####.# #..# #..
#. #.# #..# #. #.8
.<.8 #. #.## #....
#. #.. ...##. ###
#... ..


You could see Terence and a giant cockroach.

Vanquished Creatures
  A dart slug (D:1)
  2 bats (D:2)
  2 endoplasms (D:2)
  3 giant cockroaches
  A goblin (D:2)
  2 hobgoblins (D:2)
  4 kobolds
  A quokka (D:1)
  2 ball pythons (D:1)
  4 rats
22 creatures vanquished.

Notes
Turn   | Place    | Note
-------+----------+-------------------------------------------
     0 | D:1      | porpoise the Deep Elf Conjurer began the quest for the Orb.
     0 | D:1      | Reached XP level 1. HP: 10/10 MP: 6/6
   320 | D:1      | Reached XP level 2. HP: 11/15 MP: 3/8
   366 | D:1      | Learned a level 2 spell: Searing Ray
   397 | D:1      | Found a faded altar of an unknown god.
  1208 | D:2      | Found Urutoq's Distillery.
  1465 | D:2      | Found Peecwim's Magic Scroll Emporium.
  1489 | D:2      | Noticed Terence
  1496 | D:2      | Slain by Terence

Illustrated notes

Levels and vault maps discovered:
D:1:      lemuel_arrival_rhombus, layout_basic,
          dreamdust_ecumenical_altar_statues, serial_curves, eino_curves_03,
          eino_curves_03, minivault_25, chequers_serial_rivers_large_a,
          chequers_serial_rivers_marsh
D:2:      layout_loops_ring, serial_shops, shop_statue, shop, shop_fountains,
          nicolae_lakefront_shop, shop, uniq_terence

Skill      XL: |  1  2 |
---------------+-------+-----
Spellcasting   | 4 |  4.0
Dodging        | |  2.4
Stealth        | |  2.4
Conjurations   | |  4.9

Action                   || total
-------------------------++-------
 Cast: Magic Dart        ||    35
       Searing Ray       ||     2

Table legend: (Time is in decaauts)
 A = Elapsed time spent in this place.
 B = Non-inter-level travel time spent in this place.
 C = Inter-level travel time spent in this place.
 D = Time resting spent in this place.
 E = Time spent auto-exploring this place.
 F = Levels seen in this place.
 G = Mean time per level.
                   A        B        C        D        E       F      G
               +--------+--------+--------+--------+--------+-----+--------+
         Total |   1501 |   1447 |     54 |    343 |   1008 |   2 |  750.5 |
       Dungeon |   1501 |   1447 |     54 |    343 |   1008 |   2 |  750.5 |
               +--------+--------+--------+--------+--------+-----+--------+

Top non-repeatable levels by time:
     D:1: 1052 daAuts
     D:2: 448 daAuts
